 Dungeon Crawl Stone Soup version 0.28-a0-589-g333b8329f1 (webtiles) character file.

Game seed: 10493868013492919012

1 sleeves the Caller (level 1, 1/13 HPs)
             Began as a Demonspawn Summoner on Oct 4, 2021.
             Quit the game on level 1 of the Dungeon.
             The game lasted 00:00:19 (41 turns).

sleeves the Caller (Demonspawn Summoner)              Turns: 41, Time: 00:00:20

Health: 1/13       AC:  2    Str:  8    XL:     1   Next: 16%
Magic:  1/3        EV: 12    Int: 16    God:
Gold:   0          SH:  0    Dex: 13    Spells: 3/4 levels left

rFire   . . .      SeeInvis .   (no weapon)
rCold   . . .      Faith    .   (no shield)
rNeg    . . .      Spirit   .   a - +0 robe
rPois   .          Reflect  .   (no helmet)
rElec   .          Harm     .   (no cloak)
rCorr   .          Rampage  .   (no gloves)
Will    .....                   (no boots)
Stlth   ++........              (no amulet)
HPRegen 0.04/turn               (no ring)
MPRegen 0.08/turn               (no ring)

@: no status effects
A: no striking features
a: no special abilities


You were on level 1 of the Dungeon.
You visited 1 branch of the dungeon, and saw 1 of its levels.

Inventory:

Armour
 a - a +0 robe (worn)


   Skills:
 - Level 1.7 Dodging
 - Level 1.7 Stealth
 - Level 2.0 Spellcasting
 + Level 4.0 Summonings


You had 3 spell levels left.
You knew the following spells:

 Your Spells              Type           Power      Damage    Failure   Level
a - Summon Small Mammal   Summ           56%        N/A       4%          1

Your spell library contained the following spells:

 Spells                   Type           Power      Damage    Failure   Level
 Call Imp                 Summ           14%        N/A       6%          2
 Call Canine Familiar     Summ           14%        N/A       12%         3
 Summon Guardian Golem    Hex/Summ       8%         N/A       26%         3
 Summon Lightning Spire   Summ/Air       8%         N/A       65%         4


Dungeon Overview and Level Annotations

Branches:
Dungeon (1/15)

Altars:


Message History

You add the spells Summon Small Mammal, Call Imp, Call Canine Familiar, Summon Guardian Golem and Summon Lightning Spire to your library.
Welcome, sleeves the Demonspawn Summoner.
It is said that the Orb of Zot exists deep within this dungeon.
Press ? for a list of commands and other information.
Found a spear and a dagger.
Found a staircase leading out of the dungeon.
Unknown command.
Found 17 stones.
You open the door.
There is an open door here.
An endoplasm comes into view.
An endoplasm is nearby!
An endoplasm is nearby!
The endoplasm quivers.
Found 2 glowing puce potions.
Your bat hits the endoplasm.
A jackal comes into view.
Found 16 gold pieces.
Your bat hits the endoplasm but does no damage.
The endoplasm misses you.
Your bat hits the endoplasm. You barely miss the endoplasm.
The endoplasm is moderately wounded.
Your bat hits the endoplasm. The endoplasm freezes you.
You are frozen.
You hit the endoplasm.
The endoplasm is severely wounded.
Your bat hits the endoplasm. x2
The endoplasm dies!
You swap places.
The jackal barks!
You hear a bark!
A jackal comes into view.
A frilled lizard comes into view.
Your bat misses the jackal. The jackal bites your bat.
Your bat barely misses the jackal.
Your bat hits the jackal but does no damage.
Your bat hits the jackal but does no damage.
Your bat barely misses the jackal.
Your bat closely misses the jackal.
Your bat barely misses the jackal.
Your bat hits the jackal but does no damage.
The jackal barely misses your bat.
Your bat closely misses the jackal.
Your bat hits the jackal but does no damage.
Your bat barely misses the jackal.
Your bat closely misses the jackal.
Your bat hits the jackal but does no damage.
The jackal barely misses your bat.
Your bat misses the jackal.
Your bat hits the jackal but does no damage.
Your bat closely misses the jackal.
The jackal bites your bat. Something barely misses your bat.
The jackal misses your bat.
Your bat closely misses the jackal. x2
The jackal closely misses your bat. The jackal barely misses your bat.
The jackal bites your bat.
Your bat disappears in a puff of smoke!
Your bat hits the jackal. The jackal barely misses your bat.
Your bat hits the jackal.
Your bat disappears in a puff of smoke!
A jackal comes into view.
The jackal bites you but does no damage.
The jackal moves out of view.
You hit the jackal but do no damage.
The jackal is moderately wounded.
A giant cockroach comes into view.
The jackal bites you.
The giant cockroach moves out of view.
You barely miss the jackal.
The jackal is moderately wounded.
The jackal closely misses you. The jackal bites you.
You closely miss the jackal.
The jackal is moderately wounded.
The jackal closely misses you.
You closely miss the jackal.
The jackal is moderately wounded.
The jackal closely misses you.
You closely miss the jackal.
The jackal is moderately wounded.
The jackal misses you. The jackal barely misses you.
You hit the jackal but do no damage.
The jackal is moderately wounded.
The jackal closely misses you.
You hit the jackal but do no damage.
The jackal is moderately wounded.
The jackal bites you. x2
You completely miss the jackal.
The jackal is moderately wounded.
The jackal misses you.
You hit the jackal.
The jackal is heavily wounded.
The jackal bites you.
* * * LOW HITPOINT WARNING * * *
You hit the jackal but do no damage.
The jackal is heavily wounded.
The jackal bites you.
* * * LOW HITPOINT WARNING * * *
A kobold comes into view. It is wielding a +0 short sword.
The jackal bites you.
* * * LOW HITPOINT WARNING * * *
You closely miss the jackal.
The jackal is heavily wounded.
The jackal barely misses you.
You hit the jackal but do no damage.
The jackal is heavily wounded.
The jackal barely misses you. The jackal closely misses you.
You barely miss the jackal.
The jackal is heavily wounded.
The jackal bites you but does no damage.
You barely miss the jackal.
The jackal is heavily wounded.
The jackal barely misses you.
You closely miss the jackal.
The jackal is heavily wounded.
The jackal bites you.
* * * LOW HITPOINT WARNING * * *
The jackal closely misses you.
Are you sure you want to abandon this character and quit the game? (Confirm with "yes".)

.#......# .§......
≈..)... .. #.....
≈≈§ ##≈≈≈####
....#.....#@#
.)§.≈..⌠.r≈h#
....≈..<.r≈h#
....#....B#h######.
. ##≈≈≈#Kl.......
##.......####..#
...............#.
..................
..................


You could see 3 jackals, a giant cockroach, a kobold, a frilled lizard, a
friendly quokka (summoned) and a friendly rat (summoned).

Vanquished Creatures (collateral kills)
  An endoplasm (D:1)
1 creature vanquished.

Notes
Turn   | Place    | Note
-------+----------+-------------------------------------------
     0 | D:1      | sleeves the Demonspawn Summoner began the quest for the
                  | Orb.
     0 | D:1      | Reached XP level 1. HP: 13/13 MP: 3/3
    34 | D:1      | HP: 5/13 [jackal (3)]
    40 | D:1      | HP: 1/13 [jackal (2)]
    41 | D:1      | Quit the game

Illustrated notes

Levels and vault maps discovered:
D:1:      dpeg_arrival_rooms_with_view, layout_rooms,
          hellmonk_ecumenical_altar_dog_temple, chequers_mini_garden

Action                   || total
-------------------------++-------
Melee: Unarmed           ||    17
 Cast: Summon Small Mamm ||     4
Armor: Robe              ||     2
Dodge: Dodged            ||    13

Table legend: (Time is in decaauts)
 A = Elapsed time spent in this place.
 B = Non-inter-level travel time spent in this place.
 C = Inter-level travel time spent in this place.
 D = Time resting spent in this place.
 E = Time spent auto-exploring this place.
 F = Levels seen in this place.
 G = Mean time per level.
                   A        B        C        D        E       F      G
               +--------+--------+--------+--------+--------+-----+--------+
         Total |     41 |     41 |      0 |      0 |      3 |   1 |   41.0 |
       Dungeon |     41 |     41 |      0 |      0 |      3 |   1 |   41.0 |
               +--------+--------+--------+--------+--------+-----+--------+

Top non-repeatable levels by time:
     D:1: 41 daAuts
